 Seeded DCSS version 0.30-a0-457-g4b7bca3bfa (webtiles) character file.

Game seed: 9653979536821995196 (custom seed)

70 purpskrrrp the Sneak (level 4, -4/26 HPs)
             Began as a Vampire Brigand on Dec 13, 2022.
             Killed by divine providence
             ... invoked by an orc priest
              (12 damage)
             ... on level 3 of the Dungeon.
             The game lasted 00:03:21 (1440 turns).

purpskrrrp the Sneak (Vampire Brigand)              Turns: 1440, Time: 00:03:22

Health: -4/26      AC:  9    Str: 10    XL:     4   Next: 3%
Magic:  4/4        EV: 12    Int: 13    God:
Gold:   104        SH:  0    Dex: 17    Spells: 3/3 levels left

rFire   . . .      SeeInvis +    a - +3 dagger
rCold   + + .      Faith    .    (no shield)
rNeg    + + +      Spirit   .    b - +0 robe
rPois   ∞          Reflect  .    (no helmet)
rElec   .          Harm     .    c - +0 cloak
rCorr   +          Rampage  .    f - +5 pair of gloves of the Fletcher {rCorr}
Will    .....                    (no boots)
Stlth   ++++++....               (no amulet)
HPRegen 0.00/turn                (no ring)
MPRegen 0.09/turn                (no ring)

@: bloodless, inhibited regen, studying Unarmed Combat
A: bloodless, fangs 3, see invisible, vampiric 2
a: Bat Form, Revivify


You were on level 3 of the Dungeon.
You visited 1 branch of the dungeon, and saw 3 of its levels.

You collected 104 gold pieces.

Inventory:

Hand Weapons
 a - a +3 dagger (weapon)
Missiles
 d - 9 poisoned darts
 e - 3 curare-tipped darts
Armour
 b - a +0 robe (worn)
 c - a +0 cloak (worn)
 f - the +5 pair of gloves of the Fletcher (worn) {rCorr}
   (You acquired it on level 1 of the Dungeon)

   rCorr:     It protects you from acid and corrosion.
Scrolls
 j - a scroll of enchant weapon
Potions
 h - 3 potions of heal wounds
 i - a potion of curing {unknown}
 l - a potion of might {unknown}
 m - 2 potions of invisibility {unknown}
 o - a potion of degeneration


   Skills:
 - Level 1.7 Fighting
 + Level 3.0 Short Blades
 - Level 1.5 Throwing
 + Level 2.2 Dodging
 * Level 7.3 Stealth
 + Level 0.0 Unarmed Combat


You had 3 spell levels left.
You didn't know any spells.
Your spell library contained the following spells:

 Spells                   Type           Power      Damage    Failure   Level
 Portal Projectile        Hex/Tloc       0%         N/A       67%         3
 Tukima's Dance           Hex            0%         N/A       67%         3
 Anguish                  Hex/Necr       0%         N/A       97%         4
 Passage of Golubria      Tloc           0%         N/A       97%         4
 Blade Hands              Tmut           0%         N/A       100%        5
 Yara's Violent Unravell  Hex/Tmut       0%         3d3       100%        5
 Enfeeble                 Hex            0%         N/A       100%        7


Dungeon Overview and Level Annotations

Branches:
Dungeon (3/15)

Altars:


Innate Abilities, Weirdness & Mutations

You do not regenerate when monsters are visible.
You are frail without blood (-20% HP).
You can heal yourself when you bite living creatures.
You are immune to poison.
You have razor-sharp teeth.
You have supernaturally acute eyesight. (SInv)
You are afflicted with vampirism and can become a bat while bloodless.


Message History

You hit the orc wizard.
You bite the orc wizard, but do no damage.
The orc wizard is moderately wounded.
The orc priest calls upon Beogh to heal the orc wizard.
The orc wizard's wounds heal themselves!
An orc comes into view. It is wielding a +0 mace.
The orc shouts!
You hit the orc but do no damage. The orc hits you but does no damage.
You puncture the orc wizard!
You bite the orc wizard, but do no damage.
The orc wizard is heavily wounded.
The orc priest barely misses you. The orc hits you but does no damage. x2
The orc wizard gestures at you while chanting.
The magic dart hits you.
You are too injured to fight recklessly!
You are too injured to fight recklessly!
You are too injured to fight recklessly!
You are too injured to fight recklessly!
You are too injured to fight recklessly!
You are too injured to fight recklessly!
You are too injured to fight recklessly!
You are too injured to fight recklessly!
You are too injured to fight recklessly!
You are too injured to fight recklessly!
You are too injured to fight recklessly!
You are too injured to fight recklessly!
You are too injured to fight recklessly!
You are too injured to fight recklessly!
You are too injured to fight recklessly!
You are too injured to fight recklessly!
You are too injured to fight recklessly!
You are too injured to fight recklessly!
You are too injured to fight recklessly!
You fail to use your ability.
The orc priest hits you but does no damage.
The orc hits you but does no damage. The orc closely misses you.
The orc wizard hits you with a +0 dagger.
The orc priest mumbles some strange prayers to Beogh against you.
Beogh smites you!
You die...

.≈...≈....
........#
#.......#.#
####....!..#.#
.........o...
#......o.#
#....oo..#
#...).o..#
#.##@.####
#.##.## #.##.#
###<##.#
#......#
#.#.#..#
.....#..#
###.###..# ...
...#


You could see an orc priest, an orc wizard and 3 orcs.

Vanquished Creatures
  2 adders (D:2)
  A dart slug (D:1)
  5 ball pythons
  6 endoplasms
  5 giant cockroaches
  6 goblins
  2 hobgoblins (D:2)
  2 quokkas (D:1)
  8 bats
  2 frilled lizards (D:1)
  3 kobolds
42 creatures vanquished.

Notes
Turn   | Place    | Note
-------+----------+-------------------------------------------
     0 | D:1      | purpskrrrp the Vampire Brigand began the quest for the Orb.
     0 | D:1      | Reached XP level 1. HP: 16/16 MP: 1/1
   166 | D:1      | Reached skill level 6 in Stealth
   207 | D:1      | Reached XP level 2. HP: 17/17 MP: 2/2
   737 | D:1      | Identified a scroll of acquirement
   737 | D:1      | Acquired the +5 pair of gloves of the Fletcher {rCorr}
   794 | D:2      | Gained mutation: You are afflicted with vampirism and can
                  | become a bat while bloodless. [Vampire growth]
   794 | D:2      | Reached XP level 3. HP: 21/21 MP: 3/3
   831 | D:2      | Reached skill level 7 in Stealth
  1125 | D:2      | Identified the +10 trident "Isut Mok" {vorpal, Str+4
                  | Stlth+}
  1216 | D:2      | Reached XP level 4. HP: 26/26 MP: 4/4
  1396 | D:2      | Acquired a manual of Unarmed Combat
  1440 | D:3      | Killed from afar by an orc priest

Illustrated notes

Levels and vault maps discovered:
D:1:      lemuel_arrival_lava_pool, layout_basic
D:2:      cheibrodos_old_hovel, layout_loops_ring
D:3:      kennysheep_the_goblin_king, layout_loops_ring, xom_redecorated,
          nicolae_qazlal_general_emergency, serial_shops, shop,
          kennysheep_flooded_box

Skill      XL: |  1  2  3 |
---------------+----------+-----
Stealth        | 6 7 |  7.3
Dodging        | 2 |  2.2
Short Blades   | 3 |  3.0
Fighting       | |  1.7
Throwing       | |  1.5

Action                   |  1- 3 |  4- 6 || total
-------------------------+-------+-------++-------
Melee: Dagger            |    85 |     6 ||    91
       Bite              |     4 |     2 ||     6
 Abil: Exsanguinate      |     1 |       ||     1
  Use: Scroll            |     4 |     4 ||     8
 Stab: Sleeping          |    15 |       ||    15
Armor: Robe              |    28 |     5 ||    33
Dodge: Dodged            |    50 |     6 ||    56

Table legend: (Time is in decaauts)
 A = Elapsed time spent in this place.
 B = Non-inter-level travel time spent in this place.
 C = Inter-level travel time spent in this place.
 D = Time resting spent in this place.
 E = Time spent auto-exploring this place.
 F = Levels seen in this place.
 G = Mean time per level.
                   A        B        C        D        E       F      G
               +--------+--------+--------+--------+--------+-----+--------+
         Total |   1427 |   1397 |     30 |      0 |   1117 |   3 |  475.7 |
       Dungeon |   1427 |   1397 |     30 |      0 |   1117 |   3 |  475.7 |
               +--------+--------+--------+--------+--------+-----+--------+

Top non-repeatable levels by time:
     D:1: 752 daAuts
     D:2: 651 daAuts
     D:3: 23 daAuts
